PUBAA
TERRY'S BATS @ ST. CLOUD ROX
08/06/1972
 
TOP OF THE 1ST
Terry's Bats batting - Pitching for St. Cloud Rox : RHP Mark McGee
Pitching: RHP Mark McGee
Batting: LHB Jim Davis 0-0: Called Strike
0-1: Ball
1-1: Called Strike
1-2: Fly out, F7 (Flyball, 78D, EV 82.5 MPH)
Batting: RHB Rich Severson 0-0: SINGLE (Groundball, 3D, EV 98.8 MPH)
Batting: LHB Sancho Deleón 0-0: Hit by Pitch
Rich Severson to second
Batting: RHB William Williams 0-0: Ball
1-0: Fly out, F5 (Popup, 56S, EV 82.5 MPH)
Batting: LHB Sabeeh Abdul-Nasir 0-0: Called Strike
0-1: Called Strike
0-2: Foul Ball, location: 7LDF
0-2: Ball
1-2: Ball
2-2: SINGLE (Groundball, 6M, EV 78.1 MPH) (infield hit)
Rich Severson to third
Sancho Deleón to second
Batting: LHB Dave Wilson 0-0: Ball
1-0: Ground out 4-3 (Groundball, 4, EV 101.9 MPH)
Top of the 1st over - 0 runs, 2 hits, 0 errors, 3 left on base; Terry's 0 - St. Cloud 0
BOTTOM OF THE 1ST
St. Cloud Rox batting - Pitching for Terry's Bats : LHP Britt Albert
Pitching: LHP Britt Albert
Batting: RHB Dan Floyd 0-0: Ball
1-0: Foul Ball, location: 2F
1-1: Ball
2-1: Swinging Strike
2-2: Strikes out swinging
Batting: RHB Matt Reece 0-0: Ball
1-0: Called Strike
1-1: Ball
2-1: Called Strike
2-2: Foul Ball, location: 7LDF
2-2: Foul Ball, location: 3F
2-2: Ball
3-2: Foul Ball, location: 2F
3-2: Foul Ball, location: 9LSF
3-2: Strikes out looking
Batting: RHB César Contreras 0-0: Called Strike
0-1: Fly out, F8 (Flyball, 8LD, EV 108.8 MPH)
Bottom of the 1st over - 0 runs, 0 hits, 0 errors, 0 left on base; Terry's 0 - St. Cloud 0
TOP OF THE 2ND
Terry's Bats batting - Pitching for St. Cloud Rox : RHP Mark McGee
Batting: SHB Darrel Chaney 0-0: Ball
1-0: Ball
2-0: Ball
3-0: Base on Balls
Batting: RHB Jim Unknown 0-0: Ball
Darrel Chaney steals 2nd base
1-0: Ground out 4-3 (Groundball, 4MS, EV 73.8 MPH)
Batting: RHB Ron Cey 0-0: Called Strike
0-1: Ball
1-1: Ball
2-1: Fly out, F9 (Flyball, 9, EV 74.4 MPH)
Batting: LHB Jim Davis 0-0: Called Strike
0-1: Foul Ball, location: 9LSF
0-2: Foul Ball, location: 5FF
0-2: Foul Ball, location: 5F
0-2: Ball
1-2: Ball
2-2: Strikes out swinging
Top of the 2nd over - 0 runs, 0 hits, 0 errors, 1 left on base; Terry's 0 - St. Cloud 0
BOTTOM OF THE 2ND
St. Cloud Rox batting - Pitching for Terry's Bats : LHP Britt Albert
Batting: RHB Michael Martin 0-0: Called Strike
0-1: Ball
1-1: Ball
2-1: Ball
3-1: Base on Balls
Batting: RHB Ken Pearson 0-0: Called Strike
0-1: Ball
1-1: Foul Ball, location: 2F
1-2: DOUBLE (Line Drive, 8RXD, EV 103.8 MPH)
Michael Martin to third
Batting: RHB António García 0-0: Called Strike
0-1: Ball
1-1: Foul Ball, location: 5DF
1-2: Strikes out swinging
Batting: LHB Ryan Howell 0-0: Called Strike
0-1: Ball
1-1: Swinging Strike
1-2: Ball
2-2: Strikes out swinging
Batting: RHB Don Stokes 0-0: Ball
1-0: Foul Ball, location: 5DF
1-1: Swinging Strike
1-2: Ball
2-2: Ground out 5-3 (Groundball, 56S, EV 79.4 MPH)
Bottom of the 2nd over - 0 runs, 1 hit, 0 errors, 2 left on base; Terry's 0 - St. Cloud 0
TOP OF THE 3RD
Terry's Bats batting - Pitching for St. Cloud Rox : RHP Mark McGee
Batting: RHB Rich Severson 0-0: Called Strike
0-1: Foul Ball, location: 2F
0-2: Ground out 6-3 (Groundball, 6, EV 85.0 MPH)
Batting: LHB Sancho Deleón 0-0: Ball
1-0: Ball
2-0: Ball
3-0: Called Strike
3-1: Base on Balls
Batting: RHB William Williams 0-0: Foul Ball, location: 9LDF
0-1: Ball
1-1: Ball
2-1: Ball
3-1: Base on Balls
Sancho Deleón to second
Batting: LHB Sabeeh Abdul-Nasir 0-0: Called Strike
0-1: Ball
1-1: Swinging Strike
1-2: Ball
2-2: Ball
3-2: Base on Balls
Sancho Deleón to third
William Williams to second
Batting: LHB Dave Wilson 0-0: Ball
1-0: Ball
2-0: Called Strike
2-1: Foul Ball, location: 7LSF
2-2: Ball
3-2: Fielders Choice at 2nd, 4-6 (Groundball, 4, EV 88.8 MPH)
Sancho Deleón scores
William Williams to third
Batting: SHB Darrel Chaney 0-0: Called Strike
0-1: Ball
1-1: Swinging Strike
1-2: Foul Ball, location: 5DF
1-2: Strikes out swinging
Top of the 3rd over - 1 run, 0 hits, 0 errors, 2 left on base; Terry's 1 - St. Cloud 0
BOTTOM OF THE 3RD
St. Cloud Rox batting - Pitching for Terry's Bats : LHP Britt Albert
Batting: RHB Bill Skinner 0-0: Ball
1-0: Ball
2-0: Ball
3-0: Called Strike
3-1: Called Strike
3-2: Foul Ball, location: 2F
3-2: Foul Ball, location: 5FF
3-2: Fly out, F7 (Flyball, 78D, EV 107.5 MPH)
Batting: RHB Dan Floyd 0-0: Ball
1-0: TRIPLE (Line Drive, 89XD, EV 105.0 MPH)
Batting: RHB Matt Reece 0-0: Ball
1-0: Ball
Wild Pitch!
Dan Floyd scores
2-0: Ball
3-0: Base on Balls
Batting: RHB César Contreras 0-0: Ball
1-0: Called Strike
1-1: Foul Ball, location: 5DF
1-2: Strikes out looking
Batting: RHB Michael Martin 0-0: Called Strike
0-1: Foul Ball, location: 3SF
0-2: Ball
1-2: Strikes out swinging
Bottom of the 3rd over - 1 run, 1 hit, 0 errors, 1 left on base; Terry's 1 - St. Cloud 1
TOP OF THE 4TH
Terry's Bats batting - Pitching for St. Cloud Rox : RHP Mark McGee
Batting: RHB Jim Unknown 0-0: Ball
1-0: Foul Ball, location: 5F
1-1: Ball
2-1: Swinging Strike
2-2: Ball
3-2: Foul Ball, location: 7LSF
3-2: Foul Ball, location: 2F
3-2: Fly out, F4 (Popup, 4, EV 74.4 MPH)
Batting: RHB Ron Cey 0-0: Ball
1-0: Called Strike
1-1: Ball
2-1: Ball
3-1: Called Strike
3-2: Strikes out swinging
Batting: LHB Jim Davis 0-0: Ball
1-0: Ground out U3 (Groundball, 34, EV 90.0 MPH)
Top of the 4th over - 0 runs, 0 hits, 0 errors, 0 left on base; Terry's 1 - St. Cloud 1
BOTTOM OF THE 4TH
St. Cloud Rox batting - Pitching for Terry's Bats : LHP Britt Albert
Batting: RHB Ken Pearson 0-0: Called Strike
0-1: Ball
1-1: Called Strike
1-2: Ball
2-2: Ball
3-2: Strikes out swinging
Batting: RHB António García 0-0: Ball
1-0: SINGLE (Line Drive, 34D, EV 106.3 MPH)
Batting: LHB Ryan Howell 0-0: Foul Ball, location: 7LSF
0-1: Ball
1-1: Ball
2-1: Swinging Strike
2-2: Ball
3-2: Strikes out swinging
Batting: RHB Don Stokes 0-0: Ball
1-0: Fielders Choice at 2nd, 6-4 (Groundball, 6, EV 93.1 MPH)
Bottom of the 4th over - 0 runs, 1 hit, 0 errors, 1 left on base; Terry's 1 - St. Cloud 1
TOP OF THE 5TH
Terry's Bats batting - Pitching for St. Cloud Rox : RHP Mark McGee
Batting: RHB Rich Severson 0-0: Called Strike
0-1: Ground out 6-3 (Groundball, 6, EV 103.8 MPH)
Batting: LHB Sancho Deleón 0-0: Foul Ball, location: 2F
0-1: SOLO HOME RUN (Flyball, 7D, EV 96.9 MPH), Distance : 375 ft
Batting: RHB William Williams 0-0: Called Strike
0-1: Called Strike
0-2: Fly out, F9 (Flyball, 89D, EV 96.3 MPH)
Batting: LHB Sabeeh Abdul-Nasir 0-0: SINGLE (Line Drive, 9S, EV 106.3 MPH)
Batting: LHB Dave Wilson 0-0: Ball
1-0: Called Strike
1-1: Foul Ball, location: 7LSF
1-2: DOUBLE (Flyball, 8RXD, EV 105.0 MPH)
Sabeeh Abdul-Nasir to third
Runner from 3rd tries for Home, SAFE, throw by CF to home
Batting: SHB Darrel Chaney 0-0: Ball
1-0: Called Strike
1-1: Fly out, F7 (Line Drive, 7S, EV 86.9 MPH)
Top of the 5th over - 2 runs, 3 hits, 0 errors, 1 left on base; Terry's 3 - St. Cloud 1
BOTTOM OF THE 5TH
St. Cloud Rox batting - Pitching for Terry's Bats : LHP Britt Albert
Batting: RHB Bill Skinner 0-0: Ball
1-0: Ball
2-0: Ball
3-0: Called Strike
3-1: SINGLE (Groundball, 6M, EV 103.1 MPH) (infield hit)
Batting: RHB Dan Floyd 0-0: Bunted foul
0-1: Bunted foul
0-2: Foul Ball, location: 9LSF
0-2: Fielders Choice at 2nd, 6-4 (Groundball, 6, EV 88.8 MPH)
Batting: RHB Matt Reece 0-0: Called Strike
0-1: Ball
1-1: Ball
2-1: Ground out 6-3 (Groundball, P, EV 91.3 MPH)
Dan Floyd to second
Batting: RHB César Contreras 0-0: Called Strike
0-1: DOUBLE (Line Drive, 9LS, EV 105.6 MPH)
Dan Floyd scores
Batting: RHB Michael Martin 0-0: Ball
1-0: Called Strike
1-1: Swinging Strike
1-2: Ground out 6-3 (Groundball, 6, EV 88.1 MPH)
Bottom of the 5th over - 1 run, 2 hits, 0 errors, 1 left on base; Terry's 3 - St. Cloud 2
TOP OF THE 6TH
Terry's Bats batting - Pitching for St. Cloud Rox : RHP Mark McGee
Pitching: RHP Phil Shaw
Batting: RHB Jim Unknown 0-0: Called Strike
0-1: Ball
1-1: Called Strike
1-2: Strikes out swinging
Batting: RHB Ron Cey 0-0: Called Strike
0-1: Swinging Strike
0-2: Foul Ball, location: 7LSF
0-2: Foul Ball, location: 7LDF
0-2: Ball
1-2: SOLO HOME RUN (Flyball, 8RXD, EV 109.4 MPH), Distance : 452 ft
Batting: LHB Jim Davis 0-0: Called Strike
0-1: Ball
1-1: SINGLE (Groundball, 25, EV 73.8 MPH) (infield hit)
Batting: RHB Rich Severson 0-0: Grounds into double play, 4-6-3 (Groundball, 4, EV 106.9 MPH)
Top of the 6th over - 1 run, 2 hits, 0 errors, 0 left on base; Terry's 4 - St. Cloud 2
BOTTOM OF THE 6TH
St. Cloud Rox batting - Pitching for Terry's Bats : LHP Britt Albert
Batting: RHB Ken Pearson 0-0: Ball
1-0: Foul Ball, location: 3FF
1-1: Swinging Strike
1-2: SINGLE (Groundball, 4MD, EV 106.3 MPH)
Batting: RHB António García 0-0: Called Strike
0-1: Ball
1-1: 2-RUN HOME RUN (Flyball, 9D, EV 98.8 MPH), Distance : 383 ft
Batting: LHB Ryan Howell 0-0: Ball
1-0: Foul Ball, location: 5F
1-1: Ball
2-1: Ball
3-1: Fly out, F8 (Line Drive, 8LM, EV 90.0 MPH)
Batting: RHB Don Stokes 0-0: Fly out, F8 (Flyball, 8LD, EV 101.3 MPH)
Batting: RHB Bill Skinner 0-0: Ball
1-0: Called Strike
1-1: Ball
2-1: DOUBLE (Flyball, 8RD, EV 105.6 MPH)
Batting: RHB Dan Floyd 0-0: Ball
1-0: Ball
2-0: Ground out U3 (Groundball, 34, EV 91.3 MPH)
Bottom of the 6th over - 2 runs, 3 hits, 0 errors, 1 left on base; Terry's 4 - St. Cloud 4
TOP OF THE 7TH
Terry's Bats batting - Pitching for St. Cloud Rox : RHP Phil Shaw
Batting: LHB Sancho Deleón 0-0: Fly out, F8 (Flyball, 78D, EV 92.5 MPH)
Batting: RHB William Williams 0-0: Ball
1-0: Ball
2-0: Foul Ball, location: 5SF
2-1: Swinging Strike
2-2: Fly out, F7 (Flyball, 7, EV 90.6 MPH)
Batting: LHB Sabeeh Abdul-Nasir 0-0: Called Strike
0-1: SINGLE (Groundball, 34D, EV 108.8 MPH)
Batting: LHB Dave Wilson 0-0: Foul Ball, location: 2F
0-1: Foul Ball, location: 2F
0-2: Ball
1-2: Strikes out looking
Top of the 7th over - 0 runs, 1 hit, 0 errors, 1 left on base; Terry's 4 - St. Cloud 4
BOTTOM OF THE 7TH
St. Cloud Rox batting - Pitching for Terry's Bats : LHP Britt Albert
Batting: RHB Matt Reece 0-0: Called Strike
0-1: Ball
1-1: Swinging Strike
1-2: Foul Ball, location: 7LMF
1-2: Strikes out swinging
Batting: RHB César Contreras 0-0: Ball
1-0: Ball
2-0: Foul Ball, location: 2F
2-1: Fly out, F8 (Flyball, 78D, EV 110.6 MPH)
Batting: RHB Michael Martin 0-0: Called Strike
0-1: Foul Ball, location: 3FF
0-2: Ball
1-2: Ball
2-2: Ball
3-2: Foul Ball, location: 25F
3-2: Fly out, F7 (Flyball, 78M, EV 105.0 MPH)
Bottom of the 7th over - 0 runs, 0 hits, 0 errors, 0 left on base; Terry's 4 - St. Cloud 4
TOP OF THE 8TH
Terry's Bats batting - Pitching for St. Cloud Rox : RHP Phil Shaw
Batting: SHB Darrel Chaney 0-0: Ball
1-0: Ball
2-0: Called Strike
2-1: Ball
3-1: Foul Ball, location: 7LSF
3-2: SINGLE (Line Drive, 7S, EV 106.3 MPH)
Batting: RHB Jim Unknown 0-0: Ball
1-0: Bunt missed!
1-1: Bunted foul
1-2: Ball
Pickoff Throw to First - Error! E1
Darrel Chaney to second
2-2: Ground out 1-3 (Groundball, P, EV 75.0 MPH)
Pinch Hitting: LHB Willie Montanez 0-0: SINGLE (Line Drive, 4MD, EV 97.5 MPH)
Darrel Chaney to third
Runner from 3rd tries for Home, SAFE, throw by CF to home
Batting: LHB Jim Davis 0-0: Called Strike
0-1: Ball
1-1: Swinging Strike
1-2: Ball
2-2: Strikes out looking
Batting: RHB Rich Severson 0-0: Ball
1-0: Ball
2-0: Fly out, F8 (Flyball, 8RM, EV 85.0 MPH)
Top of the 8th over - 1 run, 2 hits, 1 error, 1 left on base; Terry's 5 - St. Cloud 4
BOTTOM OF THE 8TH
St. Cloud Rox batting - Pitching for Terry's Bats : LHP Britt Albert
Pitching: LHP Joe James
Now at 3B: Joe Moock
Batting: RHB Ken Pearson 0-0: SOLO HOME RUN (Flyball, 89XD, EV 101.9 MPH), Distance : 412 ft
Batting: RHB António García 0-0: Called Strike
0-1: Ball
1-1: Ball
2-1: Ball
3-1: Base on Balls
Batting: LHB Ryan Howell 0-0: Sac Bunt to 3S - play at first, batter OUT! 3-4
António García to second
Batting: RHB Don Stokes 0-0: Ball
1-0: Ball
2-0: Ball
3-0: Base on Balls
Batting: RHB Bill Skinner 0-0: Swinging Strike
0-1: Called Strike
0-2: Ball
1-2: Ball
2-2: Foul Ball, location: 3SF
2-2: Strikes out looking
Batting: RHB Dan Floyd 0-0: Called Strike
0-1: Swinging Strike
0-2: Fielders Choice at 2nd, 6-4 (Groundball, 6, EV 92.5 MPH)
Bottom of the 8th over - 1 run, 1 hit, 0 errors, 2 left on base; Terry's 5 - St. Cloud 5
TOP OF THE 9TH
Terry's Bats batting - Pitching for St. Cloud Rox : RHP Phil Shaw
Batting: LHB Sancho Deleón 0-0: Called Strike
0-1: Foul Ball, location: 2F
0-2: Foul Ball, location: 3F
0-2: Ball
1-2: Ball
2-2: Foul Ball, location: 2F
2-2: Fly out, F9 (Flyball, 9LM, EV 96.3 MPH)
Pitching: LHP Henry Shaw
Batting: RHB William Williams 0-0: Ball
1-0: Foul Ball, location: 23F
1-1: Ball
2-1: Foul Ball, location: 2F
2-2: Foul Ball, location: 3FF
2-2: Ball
3-2: Base on Balls
Batting: LHB Sabeeh Abdul-Nasir 0-0: Ball
1-0: Foul Ball, location: 9LSFF
1-1: Ball
2-1: Fly out, F8 (Flyball, 8LM, EV 95.6 MPH)
Pinch Hitting: RHB Masujiro Makino 0-0: Called Strike
0-1: Called Strike
0-2: Fly out, F8 (Flyball, 89M, EV 80.6 MPH)
Top of the 9th over - 0 runs, 0 hits, 0 errors, 1 left on base; Terry's 5 - St. Cloud 5
BOTTOM OF THE 9TH
St. Cloud Rox batting - Pitching for Terry's Bats : LHP Joe James
Now in LF: Jim Davis
Now in CF: Masujiro Makino
Batting: RHB Matt Reece 0-0: Called Strike
0-1: Called Strike
0-2: Foul Ball, location: 23F
0-2: Ball
1-2: Ball
2-2: Strikes out swinging
Batting: RHB César Contreras 0-0: Ball
1-0: Ball
2-0: Called Strike
2-1: Called Strike
2-2: Ball
3-2: Fly out, F8 (Flyball, 8LD, EV 105.0 MPH)
Pitching: RHP Anthony Cremens
Batting: RHB Michael Martin 0-0: Foul Ball, location: 2F
0-1: Foul Ball, location: 2F
0-2: SINGLE (Line Drive, 78M, EV 93.8 MPH)
Batting: RHB Ken Pearson 0-0: Called Strike
0-1: Foul Ball, location: 2F
0-2: Ball
1-2: Ball
2-2: Ground out 4-3 (Groundball, 4, EV 85.6 MPH)
Bottom of the 9th over - 0 runs, 1 hit, 0 errors, 1 left on base; Terry's 5 - St. Cloud 5
TOP OF THE 10TH
Terry's Bats batting - Pitching for St. Cloud Rox : LHP Henry Shaw
Pinch Hitting: RHB Ricardo Trujillo 0-0: Ball
1-0: SINGLE (Groundball, P, EV 81.9 MPH) (infield hit)
Batting: RHB Jim Unknown 0-0: Called Strike
0-1: Ball
Wild Pitch!
Ricardo Trujillo to second
1-1: Intentional Walk
Batting: LHB Joe Moock 0-0: Ball
1-0: Foul Ball, location: 2F
1-1: Ball
2-1: Called Strike
2-2: Fly out, F8 (Flyball, 8LM, EV 87.5 MPH)
Batting: LHB Jim Davis 0-0: Called Strike
0-1: Foul Ball, location: 7LSF
0-2: Strikes out swinging
Batting: RHB Rich Severson 0-0: Ball
1-0: Ball
2-0: Called Strike
2-1: Called Strike
2-2: Strikes out swinging
Top of the 10th over - 0 runs, 1 hit, 0 errors, 2 left on base; Terry's 5 - St. Cloud 5
BOTTOM OF THE 10TH
St. Cloud Rox batting - Pitching for Terry's Bats : RHP Anthony Cremens
Now at 2B: Ricardo Trujillo
Now at SS: Rich Severson
Batting: RHB António García 0-0: Called Strike
0-1: Ball
1-1: Foul Ball, location: 2F
1-2: Strikes out swinging
Batting: LHB Ryan Howell 0-0: Ball
1-0: SINGLE (Line Drive, 34D, EV 94.4 MPH)
Batting: RHB Don Stokes 0-0: Sac Bunt to 23 - play at first, batter OUT! 3-4
Ryan Howell to second
Pinch Hitting: LHB Scott Trent 0-0: Intentional Walk
Batting: RHB Dan Floyd 0-0: Ball
1-0: Ball
2-0: Fly out, F7 (Line Drive, 78M, EV 91.3 MPH)
Bottom of the 10th over - 0 runs, 1 hit, 0 errors, 2 left on base; Terry's 5 - St. Cloud 5
TOP OF THE 11TH
Terry's Bats batting - Pitching for St. Cloud Rox : LHP Henry Shaw
Now in RF: Jack Manning
Batting: LHB Sancho Deleón 0-0: Ball
1-0: Called Strike
1-1: Swinging Strike
1-2: Ball
2-2: Fly out, F7 (Flyball, 7LD, EV 97.5 MPH)
Batting: RHB William Williams 0-0: Swinging Strike
0-1: Swinging Strike
0-2: Ball
1-2: Foul Ball, location: 2F
1-2: Strikes out swinging
Batting: LHB Sabeeh Abdul-Nasir 0-0: Fly out, F9 (Flyball, 9, EV 77.5 MPH)
Top of the 11th over - 0 runs, 0 hits, 0 errors, 0 left on base; Terry's 5 - St. Cloud 5
BOTTOM OF THE 11TH
St. Cloud Rox batting - Pitching for Terry's Bats : RHP Anthony Cremens
Pinch Hitting: LHB Bob Elliott 0-0: Ball
1-0: Ball
2-0: Called Strike
2-1: Ball
3-1: Foul Ball, location: 2F
3-2: Foul Ball, location: 2F
3-2: Foul Ball, location: 9LMF
3-2: SOLO HOME RUN (Line Drive, 89XD, EV 110.6 MPH), Distance : 438 ft
Bottom of the 11th over - 1 run, 1 hit, 0 errors, 0 left on base; Terry's 5 - St. Cloud 6
Friday, April 19th , 2024 - OOTP Baseball 24.8 Build 75